 Dungeon Crawl Stone Soup version 0.19-a0-1193-g2641e52 (webtiles) character file.

102 epen the Poker (level 4, -5/37 HPs)
             Began as a Merfolk Monk on Aug 19, 2016.
             Slain by a gnoll
             ... wielding a +0 club
              (6 damage)
             ... on level 2 of the Dungeon.
             The game lasted 00:02:15 (1747 turns).

epen the Poker (Merfolk Monk)                       Turns: 1747, Time: 00:02:15

Health: -5/37      AC:  2    Str: 12    XL:     4   Next: 77%
Magic:  4/4        EV: 15    Int:  9    God:
Gold:   48         SH:  0    Dex: 16    Spells: 0 memorised, 3 levels left

rFire  . . .     SeeInvis .     a - +0 spear
rCold  . . .     Gourm    .     b - +0 robe
rNeg   . . .     Faith    .     (no shield)
rPois  .         Spirit   .     (no helmet)
rElec  .         Dismiss  .     (no cloak)
rCorr  .         Reflect  .     (no gloves)
MR     .....     Harm     .     (no boots)
Stlth  ++........               (no amulet)
                                (no ring)
                                (no ring)

@: no status effects
A: change form in water, swift swim
a: no special abilities


You were on level 2 of the Dungeon.
You were hungry.

You visited 1 branch of the dungeon, and saw 2 of its levels.

You collected 48 gold pieces.

Inventory:

Hand Weapons
 a - a +0 spear (weapon)
Armour
 b - a +0 robe (worn)
Wands
 l - a wand of lightning (0/15)
Scrolls
 i - 2 scrolls of identify {unknown}
Potions
 d - a potion of degeneration {unknown}
 e - a potion of curing {unknown}
 f - 2 potions of brilliance {unknown}
 h - a potion of flight {unknown}
 j - a potion of heal wounds {unknown}
 k - a potion of cancellation {unknown}
Comestibles
 c - a bread ration
 g - a slice of pizza


   Skills:
 + Level 3.8 Fighting
 + Level 5.0 Polearms
 * Level 1.9 Armour
 + Level 4.9 Dodging
 - Level 2.1 Stealth


You had 3 spell levels left.
You didn't know any spells.

Dungeon Overview and Level Annotations

Branches:
Dungeon (2/15)

Altars:
Dithmenos


Message History

The bolt of lightning hits the gnoll.
The gnoll is heavily wounded.
Evoking this partially-identified wand wasted a few charges.
The gnoll closely misses you.
Evoke which item? (* to show all) (? for menu, Esc to quit)
Zapping:
l - a wand of lightning {zapped: 7} (will waste charges)
Press: ? - help, Shift-Dir - straight line, f/p - gnoll
Aim: a gnoll, wielding a club and wearing a ring mail (heavily wounded) Nothing appears to happen.
The gnoll closely misses you.
You hit the gnoll but do no damage.
The gnoll is heavily wounded.
The gnoll closely misses you.
You closely miss the gnoll.
The gnoll is heavily wounded.
You hit the gnoll but do no damage.
The gnoll is heavily wounded.
The gnoll hits you with a club!
* * * LOW HITPOINT WARNING * * *
The gnoll hits you with a club.
You die...

###.##..............##.#
.##.###.....##########.#
....# ##...## #.# ..###
##+## #.# .## #.# .#
#######.# ### #.......#
#.## #.####### .#.## #@#
..#.# #g# ...## #.#
#.##############.#
#...)....)...)...#
##################


You could see a gnoll.

Vanquished Creatures
  Natasha (D:2)
  3 gnolls (D:2)
  An adder (D:2)
  An ooze (D:1)
  2 dart slugs (D:1)
  2 giant geckos
  A giant cockroach (D:2)
  3 goblins (D:1)
  A hobgoblin (D:1)
  8 kobolds
  3 bats (D:1)
  A giant newt (D:1)
  8 rats
35 creatures vanquished.

Notes
Turn   | Place    | Note
-------+----------+-------------------------------------------
     0 | D:1      | epen the Merfolk Monk began the quest for the Orb.
     0 | D:1      | Reached XP level 1. HP: 18/18 MP: 1/1
   323 | D:1      | Reached XP level 2. HP: 21/24 MP: 2/2
   567 | D:1      | Reached skill level 1 in Armour
   777 | D:1      | Reached XP level 3. HP: 29/30 MP: 3/3
  1038 | D:2      | Noticed Natasha
  1294 | D:2      | Found a shadowy altar of Dithmenos.
  1330 | D:2      | Killed Natasha
  1330 | D:2      | Reached XP level 4. HP: 26/37 MP: 4/4
  1716 | D:2      | Reached skill level 5 in Polearms
  1742 | D:2      | HP: 1/37 [gnoll/club (7)]
  1747 | D:2      | Slain by a gnoll

Vault maps used:
D:1:      elethiomel_arrival_diamonds
D:2:      first_bread, kennysheep_doodads, nicolae_dithmenos_shadow_blocks,
          uniq_natasha

Skill      XL: |  1  2  3  4 |
---------------+-------------+-----
Armour         | 1 |  1.9
Polearms       | 5 |  5.0
Fighting       | |  3.8
Dodging        | |  4.9
Stealth        | |  2.1

Action                   |  1- 3 |  4- 6 || total
-------------------------+-------+-------++-------
Melee: Spear             |   114 |    34 ||   148
Evoke: Wand              |       |     3 ||     3
 Stab: Sleeping          |     4 |       ||     4
  Eat: Chunk             |     1 |     1 ||     2
Armor: Robe              |     8 |     2 ||    10
Dodge: Dodged            |    61 |    18 ||    79
